Map: 어센션 투 아이어 - 래더

Players

lllllllIlll

  • Race: Protoss Protoss
  • League: Grandmaster
  • Spawn Location: 5:00

Classic - Winner!

  • Race: Protoss Protoss
  • League: Master
  • Spawn Location: 11:00

VOD

Have the link to the VOD?

Description

Time

  • Played on: June 24, 2017, 10:29 a.m.
  • Length: 13:16
Show
View Real Time Build Order
Export as new Build Order

lllllllIlll Protoss 

Build Orders: Blink Stalkers 

Get SALT Encoding   

  12  0:00  Probe (Chrono Boost)  
  13  0:11  Probe (Chrono Boost)  
  14  0:17  Pylon  
  14  0:21  Probe (Chrono Boost)  
  15  0:36  Probe (Chrono Boost)  
  15  0:37  Gateway  
  16  0:46  Probe (Chrono Boost)  
  16  0:47  Assimilator  
  18  0:57  Probe (Chrono Boost)  
  18  0:58  Assimilator  
  18  1:06  Gateway  
  18  1:07  Probe (Chrono Boost)  
  19  1:18  Probe (Chrono Boost)  
  20  1:24  Cybernetics Core  
  20  1:28  Probe (Chrono Boost)  
  20  1:32  Pylon  
  21  1:39  Probe (Chrono Boost)  
  22  1:49  Probe (Chrono Boost)  
  23  2:02  Warp Gate (Chrono Boost), Mothership Core (Chrono Boost)  
  23  2:07  Stalker x2  
  29  2:14  Pylon  
  29  2:20  Probe (Chrono Boost)  
  30  2:32  Probe  
  31  2:37  Stalker x2  
  35  3:08  Nexus  
  35  3:13  Twilight Council  
  35  3:15  Probe  
  35  3:17  Sentry  
  38  3:27  Pylon  
  38  3:36  Probe  
  38  3:48  Probe  
  37  3:50  Blink (Chrono Boost)  
  37  3:58  Gateway  
  37  4:00  Probe  
  38  4:03  Stalker  
  38  4:09  Stalker  
  42  4:13  Probe  
  42  4:14  Oracle  
  43  4:21  Probe (Chrono Boost)  
  44  4:25  Probe (Chrono Boost)  
  44  4:31  Robotics Facility  
  45  4:33  Probe (Chrono Boost)  
  45  4:36  Probe (Chrono Boost)  
  47  4:43  Probe (Chrono Boost)  
  48  4:47  Probe (Chrono Boost)  
  48  4:48  Stalker  
  51  4:53  Stalker  
  51  4:58  Probe  
  53  5:00  Probe  
  54  5:08  Stalker  
  54  5:10  Pylon  
  54  5:12  Probe  
  54  5:14  Probe  
  58  5:17  Stalker  
  60  5:22  Stalker  
  60  5:27  Probe  
  62  5:28  Probe  
  62  5:29  Observer (Chrono Boost)  
  62  5:31  Stalker  
  67  5:36  Pylon  
  67  5:37  Probe  
  67  5:40  Probe  
  67  5:51  Probe  
  67  5:53  Probe (Chrono Boost)  
  67  5:54  Nexus  
  69  6:06  Stalker x2  
  69  6:07  Stalker  
  75  6:15  Probe x2 (Chrono Boost)  
  75  6:17  Forge  
  77  6:30  Pylon  
  77  6:31  Probe (Chrono Boost), Assimilator x2  
  78  6:42  Gateway x2  
  78  6:48  Probe x2 (Chrono Boost)  
  78  6:51  Pylon, Protoss Ground Weapons Level 1 (Chrono Boost)  
  78  6:53  Pylon  
  80  6:55  Immortal  
  80  6:59  Probe x2 (Chrono Boost)  
  86  7:05  Charge  
  86  7:08  Probe (Chrono Boost)  
  87  7:09  Probe x2 (Chrono Boost)  
  87  7:14  Templar Archives  
  89  7:18  Probe (Chrono Boost)  
  89  7:21  Probe x2 (Chrono Boost), Phoenix  
  91  7:30  Probe (Chrono Boost)  
  91  7:32  Probe x2 (Chrono Boost)  
  91  7:34  Assimilator  
  91  7:35  Immortal, Assimilator  
  98  7:42  Probe x2 (Chrono Boost)  
  98  7:43  Probe (Chrono Boost)  
  101  7:46  Sentry x2  
  101  7:49  Pylon  
  105  7:53  Probe x3 (Chrono Boost)  
  105  7:54  Gateway x2  
  108  8:03  Probe x2 (Chrono Boost)  
  108  8:04  Probe (Chrono Boost)  
  111  8:07  Nexus  
  111  8:11  Pylon  
  111  8:13  High Templar x2  
  111  8:18  Immortal  
  111  8:19  Probe x3 (Chrono Boost)  
  122  8:29  Pylon  
  122  8:36  Pylon  
  122  8:46  Protoss Ground Weapons Level 2 (Chrono Boost)  
  122  8:47  Archon  
  122  8:49  High Templar  
  122  8:50  Zealot x4  
  122  8:52  Pylon  
  122  8:55  Photon Cannon  
  132  9:17  Gateway  
  132  9:19  Gateway  
  132  9:20  Zealot x6  
  129  9:36  Probe  
  129  9:37  Probe  
  120  9:48  High Templar x2  
  120  9:49  High Templar x5, Warp Prism  
  132  9:55  Archon  
  132  9:59  Archon x2  
  134  10:03  Archon  
  131  10:21  Zealot x5, High Templar x2  
  135  10:25  Pylon  
  135  10:26  Archon  
  143  10:37  Photon Cannon  
  141  10:46  Zealot x2, High Templar x2  
  141  10:47  Zealot x3  
  155  10:51  Pylon  
  155  10:52  Archon  
  155  11:11  Pylon  
  155  11:12  Observer  
  155  11:13  Pylon  
  144  11:19  Probe  
  144  11:20  Probe x3  
  148  11:28  Stargate  
  148  11:31  Observer  
  148  11:34  Photon Cannon  
  148  11:36  High Templar x2  
  148  11:38  Pylon, Assimilator  
  153  11:40  Photon Cannon, Stalker  
  153  11:41  Stalker  
  153  11:44  Photon Cannon, Assimilator  
  153  11:46  Zealot x3  
  163  11:47  Archon  
  163  11:51  Observer  
  164  11:56  Stalker  
  162  12:08  Oracle (Chrono Boost)  
  162  12:09  Immortal  
  168  12:24  Zealot x3, Probe  
  168  12:25  Probe x3  
  168  12:29  Fleet Beacon  
  178  12:36  Zealot  
  178  12:38  Zealot x3  
  137  12:44  Zealot x2  
  137  12:47  Observer  
  103  12:55  Zealot x2  
  102  13:01  High Templar  
  97  13:12  High Templar x4  
  80  13:16  Archon  
Show
View Real Time Build Order
Export as new Build Order

Classic Protoss - Winner!

Build Orders: Oracle Opening 

Get SALT Encoding   

  12  0:01  Probe (Chrono Boost)  
  13  0:11  Probe (Chrono Boost)  
  14  0:17  Pylon  
  14  0:22  Probe (Chrono Boost)  
  15  0:36  Probe (Chrono Boost)  
  15  0:38  Gateway  
  16  0:46  Probe (Chrono Boost)  
  16  0:48  Assimilator  
  17  0:53  Assimilator  
  18  0:57  Probe (Chrono Boost)  
  18  1:06  Gateway  
  18  1:08  Probe (Chrono Boost)  
  19  1:18  Probe (Chrono Boost)  
  20  1:26  Cybernetics Core  
  20  1:29  Probe (Chrono Boost)  
  21  1:35  Pylon  
  22  1:40  Probe (Chrono Boost)  
  22  1:50  Probe (Chrono Boost)  
  23  2:06  Stalker x2  
  23  2:07  Warp Gate (Chrono Boost)  
  27  2:09  Mothership Core  
  29  2:16  Pylon  
  29  2:31  Probe  
  29  2:36  Adept x2  
  34  2:58  Nexus  
  34  3:09  Stargate  
  34  3:10  Probe (Chrono Boost)  
  35  3:18  Pylon  
  35  3:22  Probe (Chrono Boost)  
  36  3:33  Probe (Chrono Boost)  
  37  3:43  Probe (Chrono Boost)  
  34  3:52  Twilight Council  
  34  3:53  Oracle (Chrono Boost)  
  34  3:54  Probe  
  38  4:04  Adept x2  
  38  4:06  Probe  
  38  4:09  Probe  
  44  4:18  Probe  
  44  4:20  Probe  
  46  4:25  Oracle (Chrono Boost)  
  46  4:30  Probe x2  
  50  4:37  Assimilator  
  50  4:38  Blink (Chrono Boost)  
  51  4:41  Probe  
  51  4:42  Probe  
  53  4:47  Gateway  
  53  4:52  Probe (Chrono Boost)  
  53  4:55  Probe (Chrono Boost)  
  55  5:04  Probe (Chrono Boost)  
  55  5:05  Pylon  
  55  5:06  Probe  
  57  5:18  Stalker x2  
  54  5:29  Nexus  
  54  5:30  Probe  
  54  5:32  Probe  
  54  5:34  Pylon  
  56  5:39  Gateway  
  56  5:46  Stalker x3  
  62  5:56  Pylon  
  62  6:06  Assimilator  
  62  6:08  Robotics Facility  
  62  6:09  Stalker x3  
  68  6:15  Pylon  
  68  6:16  Probe  
  68  6:17  Probe  
  70  6:24  Charge (Chrono Boost)  
  70  6:35  Stalker x4  
  70  6:38  Probe  
  78  6:40  Probe x2  
  81  6:50  Probe  
  81  6:51  Probe  
  81  6:52  Probe  
  84  6:56  Observer (Chrono Boost)  
  84  6:59  Zealot x4  
  93  7:02  Probe  
  93  7:03  Probe  
  93  7:04  Probe  
  96  7:10  Pylon  
  96  7:12  Forge  
  96  7:16  Probe  
  96  7:17  Observer (Chrono Boost), Probe  
  96  7:18  Probe  
  100  7:27  Probe  
  100  7:29  Probe  
  102  7:30  Probe  
  102  7:33  Immortal (Chrono Boost)  
  102  7:35  Gateway  
  107  7:37  Gateway  
  107  7:41  Probe  
  107  7:42  Probe x2  
  110  7:44  Assimilator  
  110  7:48  Assimilator  
  110  7:49  Protoss Ground Weapons Level 1 (Chrono Boost)  
  110  7:51  Probe  
  110  7:54  Probe x2, Templar Archives  
  110  7:56  Pylon  
  110  7:58  Pylon  
  113  8:13  Zealot x2  
  113  8:15  Zealot x2, Immortal  
  121  8:25  Pylon  
  125  8:29  Gateway  
  125  8:30  Gateway  
  123  8:43  Nexus  
  123  8:48  High Templar x4  
  129  8:49  High Templar x2  
  129  8:51  Immortal  
  129  8:53  Archon x2  
  129  8:54  Archon  
  135  9:01  Fleet Beacon  
  129  9:12  Pylon  
  129  9:13  Pylon  
  129  9:15  Pylon  
  125  9:30  Zealot x6  
  135  9:34  Immortal  
  135  9:48  Protoss Ground Weapons Level 2 (Chrono Boost)  
  135  9:49  Assimilator  
  135  9:52  High Templar x2  
  131  9:53  Assimilator  
  131  9:55  Zealot  
  131  9:56  Zealot x3, Archon  
  131  9:57  Zealot  
  139  10:01  Zealot  
  141  10:09  Immortal  
  141  10:16  High Templar x2  
  141  10:20  Zealot x3  
  153  10:22  Zealot, Archon  
  155  10:28  Zealot  
  155  10:29  Zealot  
  155  10:30  Pylon  
  159  10:43  Immortal  
  159  10:46  High Templar  
  159  10:47  Zealot x2, High Templar  
  171  10:50  Zealot x4  
  171  10:53  Archon  
  171  11:11  Pylon  
  171  11:13  Pylon  
  171  11:17  Pylon  
  171  11:20  Pylon  
  171  11:22  Pylon x2, Nexus  
  171  11:24  Pylon  
  171  11:26  Warp Prism  
  173  11:35  Phoenix (Chrono Boost), High Templar x3  
  181  11:40  High Templar x2  
  181  11:41  Pylon, High Templar  
  181  11:42  Archon  
  181  11:44  Archon x2  
  187  12:04  Photon Cannon  
  187  12:05  Assimilator  
  187  12:07  High Templar x2  
  187  12:08  Zealot x3  
  197  12:09  Assimilator  
  197  12:12  Archon  
  191  12:41  Zealot x8  
  149  13:03  High Templar x4  
  149  13:04  Zealot x3  
  159  13:08  Archon  
  159  13:09  Archon  
Tags
 
Add a new tag
Caveats
  • Supply blocks, unpowered buildings, or Contaminate may cause inaccurate times.
  • Supply counts are checked every 10 seconds.